Map: Cerulean Fall LE

Players

SaintSnowmad

  • Race: Protoss Protoss
  • League: Diamond
  • Spawn Location: 7:00

Milky - Winner!

  • Race: Zerg Zerg
  • League: Diamond
  • Spawn Location: 1:00

VOD

Have the link to the VOD?

Description

Neuro Fans face off

Time

  • Played on: Oct. 2, 2018, 11:49 p.m.
  • Length: 23:00
Show
View Real Time Build Order
Export as new Build Order

SaintSnowmad Protoss 

Build Orders:  

Get SALT Encoding   

  12  0:01  Probe  
  13  0:14  Probe  
  14  0:19  Pylon  
  14  0:26  Probe  
  15  0:38  Probe  
  15  0:39  Gateway  
  16  0:46  Probe  
  16  0:50  Assimilator  
  17  0:57  Probe  
  18  1:09  Probe  
  19  1:15  Pylon  
  19  1:21  Probe  
  20  1:26  Cybernetics Core  
  20  1:33  Probe  
  21  1:54  Nexus  
  21  2:02  Adept  
  21  2:06  Warp Gate  
  21  2:08  Probe  
  24  2:13  Assimilator  
  24  2:23  Twilight Council  
  24  2:25  Probe  
  25  2:46  Adept  
  25  2:47  Probe  
  25  2:51  Gateway  
  27  3:01  Robotics Facility  
  27  3:06  Pylon  
  27  3:08  Probe  
  27  3:11  Probe  
  28  3:16  Probe  
  28  3:19  Probe  
  29  3:25  Adept  
  33  3:28  Probe x2  
  35  3:39  Pylon  
  35  3:44  Probe  
  35  3:45  Probe  
  37  3:53  Warp Prism  
  39  4:02  Probe x2  
  41  4:12  Resonating Glaives  
  41  4:14  Probe x2  
  41  4:15  Assimilator  
  43  4:17  Assimilator  
  43  4:22  Shield Battery  
  43  4:26  Probe x2  
  43  4:44  Immortal  
  47  4:46  Probe  
  47  4:47  Probe  
  47  4:48  Sentry  
  47  4:52  Gateway  
  49  4:54  Probe  
  49  4:55  Gateway, Probe  
  51  5:05  Probe  
  51  5:06  Dark Shrine  
  51  5:11  Probe  
  53  5:16  Adept  
  53  5:17  Probe  
  53  5:20  Gateway  
  56  5:26  Pylon  
  56  5:37  Immortal  
  60  5:43  Probe  
  61  5:50  Adept x2  
  61  5:51  Adept x2  
  69  5:59  Pylon  
  69  6:02  Pylon  
  69  6:04  Forge  
  69  6:20  Adept x3  
  69  6:21  Adept  
  69  6:23  Immortal  
  77  6:41  Dark Templar x3  
  77  6:42  Dark Templar  
  85  6:48  Pylon  
  85  6:51  Pylon  
  85  6:54  Pylon  
  75  7:29  Adept x2  
  77  7:30  Adept x3  
  83  7:42  Protoss Ground Weapons Level 1  
  69  7:56  Nexus  
  69  7:57  Charge  
  65  7:59  Pylon, Zealot x2  
  65  8:01  Pylon  
  69  8:08  Templar Archives  
  69  8:10  Adept  
  69  8:11  Adept x2  
  69  8:12  Immortal  
  79  8:26  Zealot x2, Shield Battery  
  83  8:29  Shield Battery  
  83  8:33  Adept x2  
  83  8:34  Adept  
  85  8:36  Psionic Storm  
  85  8:43  Probe  
  85  8:44  Probe  
  87  8:53  Immortal  
  91  8:55  Probe  
  91  8:56  Probe  
  91  8:58  Gateway  
  93  9:08  Probe  
  93  9:09  Probe x2  
  96  9:12  Zealot  
  96  9:13  Zealot  
  100  9:20  High Templar x3, Probe  
  100  9:21  Probe  
  108  9:29  Gateway  
  108  9:31  Gateway, Probe  
  109  9:32  Probe  
  110  9:42  Zealot  
  110  9:43  Probe, Zealot  
  110  9:44  Probe x2  
  117  9:50  Protoss Ground Weapons Level 2, Assimilator  
  117  9:54  Assimilator  
  117  9:56  Stalker, Probe  
  117  9:58  High Templar  
  117  9:59  High Templar  
  124  10:08  Gateway  
  124  10:10  Gateway, Probe x3  
  127  10:22  High Templar x2  
  127  10:25  High Templar x2  
  135  10:34  Pylon  
  135  10:37  Pylon, Zealot x2  
  139  10:47  Observer  
  140  10:50  Archon  
  140  10:55  Nexus  
  140  10:58  Pylon  
  140  10:59  Pylon  
  140  11:00  High Templar x2  
  140  11:01  High Templar  
  146  11:04  High Templar  
  146  11:06  Zealot x4  
  156  11:14  Archon x2  
  156  11:15  Pylon  
  156  11:17  Pylon  
  156  11:20  Pylon  
  156  11:35  Nexus  
  156  11:37  Pylon  
  156  11:39  Pylon  
  156  11:40  Pylon x2  
  156  11:45  Pylon  
  156  12:04  High Templar x2  
  156  12:05  High Templar x2  
  164  12:12  Archon x2  
  111  12:35  Warp Prism  
  93  12:37  High Templar  
  93  12:38  High Templar x5  
  93  12:43  Archon x2  
  93  12:44  Archon  
  85  12:50  Probe x2  
  87  12:52  Zealot  
  87  12:53  Zealot  
  91  13:04  Assimilator  
  91  13:07  Assimilator  
  91  13:10  Shield Battery  
  91  13:12  Zealot  
  93  13:13  Zealot x5  
  93  13:14  Shield Battery  
  97  13:23  High Templar x4  
  101  13:27  Archon  
  101  13:30  Probe x2  
  103  13:37  Photon Cannon  
  103  13:41  Photon Cannon  
  100  13:44  High Templar  
  100  13:45  High Templar, Probe  
  100  13:46  Probe x2  
  107  13:53  Gateway  
  102  13:55  High Templar  
  102  13:56  High Templar  
  102  13:57  Archon  
  105  14:08  Stalker x3  
  105  14:09  Stalker  
  92  14:19  Zealot x2  
  92  14:20  Zealot x2  
  92  14:23  Probe x4  
  104  14:26  Photon Cannon  
  104  14:33  Zealot  
  104  14:34  Zealot x5  
  104  14:35  Probe  
  104  14:47  Probe x3  
  104  14:48  Probe  
  102  14:53  Stalker x3  
  102  14:54  Stalker x2  
  102  14:59  Probe x3, Protoss Shields Level 1  
  115  15:00  Probe  
  102  15:16  Probe x3  
  102  15:19  Probe  
  106  15:23  Zealot x6  
  112  15:28  Probe x2  
  114  15:40  Dark Templar x2  
  92  16:01  Probe  
  92  16:02  Probe x2  
  85  16:10  High Templar x2  
  67  16:15  Archon  
  67  16:17  Probe x2  
  70  16:18  Probe x2  
  70  16:20  Zealot x2  
  71  16:29  High Templar x2  
  71  16:31  Zealot x2  
  75  16:33  Probe x3  
  78  16:46  Zealot x2  
  82  16:47  High Templar  
  82  16:48  High Templar  
  86  16:59  Probe x2  
  84  17:15  Archon  
  84  17:17  Zealot  
  84  17:19  High Templar x2  
  90  17:25  Nexus  
  90  17:26  Pylon  
  90  17:28  Photon Cannon  
  90  17:29  Pylon, Probe x2  
  92  17:32  Photon Cannon  
  92  17:34  Zealot x3  
  86  17:49  Immortal  
  86  17:54  Archon  
  86  17:57  Zealot x3  
  86  17:58  Zealot x5  
  79  18:09  High Templar x2  
  83  18:18  High Templar x2  
  83  18:19  Archon  
  83  18:23  Archon  
  83  18:26  Dark Templar x3  
  66  18:34  Dark Templar  
  66  18:37  Probe  
  66  18:38  Probe  
  68  19:05  Probe x3  
  68  19:07  Nexus  
  71  19:18  Probe x3  
  66  19:29  High Templar  
  66  19:30  High Templar x3  
  74  19:34  Archon x2  
  74  19:38  Probe x2  
  62  19:58  Zealot x3  
  62  19:59  Zealot  
  68  20:00  Assimilator  
  68  20:04  Assimilator, High Templar  
  70  20:07  High Templar  
  72  20:15  Probe  
  72  20:16  Probe  
  74  20:24  Zealot  
  74  20:25  Zealot x4  
  74  20:37  Zealot x2  
  74  20:38  Zealot  
  58  20:53  Zealot x2  
  58  20:54  Zealot  
  62  21:00  Probe x2  
  64  21:14  High Templar x2  
  64  21:15  High Templar x2  
  64  21:16  Zealot  
  64  21:17  Zealot  
  76  21:20  Probe  
  76  21:23  Probe  
  78  21:32  Probe  
  79  21:35  High Templar x2  
  73  21:42  Zealot x2  
  76  21:51  Archon x2  
  62  21:58  Zealot x3  
  62  21:59  Zealot  
  66  22:05  Pylon  
  66  22:06  Archon  
  66  22:07  Pylon  
  61  22:21  High Templar  
  61  22:22  High Templar x2  
  61  22:23  High Templar  
  69  22:31  Archon, Probe x2  
  69  22:32  Archon  
Show
View Real Time Build Order
Export as new Build Order

Milky Zerg - Winner!

Build Orders: Hatch First 

Get SALT Encoding   

  12  0:10  Drone  
  12  0:13  Overlord  
  13  0:23  Drone  
  14  0:32  Drone x2  
  16  0:46  Drone  
  17  1:02  Hatchery, Drone  
  17  1:05  Extractor  
  17  1:08  Drone  
  17  1:23  Spawning Pool  
  17  1:24  Drone  
  17  1:33  Drone  
  17  1:36  Drone  
  19  1:51  Drone  
  20  1:59  Drone  
  21  2:08  Drone  
  22  2:18  Queen  
  22  2:19  Metabolic Boost  
  22  2:20  Queen  
  22  2:22  Overlord  
  26  2:24  Zergling x2  
  26  2:25  Zergling x2  
  28  2:40  Drone x3  
  31  2:58  Extractor  
  31  2:59  Drone  
  31  3:02  Drone x3  
  31  3:04  Hatchery  
  33  3:07  Overlord  
  33  3:20  Drone  
  33  3:24  Drone  
  35  3:29  Overlord  
  35  3:30  Drone x4  
  38  3:37  Zergling x2  
  39  3:42  Queen  
  39  3:45  Lair  
  41  3:52  Roach Warren  
  40  3:56  Evolution Chamber  
  39  4:03  Zergling x10  
  43  4:18  Queen  
  45  4:29  Overlord  
  45  4:30  Drone x6  
  45  4:31  Drone  
  52  4:42  Drone x3  
  52  4:43  Drone  
  55  5:02  Drone  
  55  5:03  Hydralisk Den  
  55  5:04  Overlord  
  55  5:05  Drone x5  
  59  5:23  Baneling Nest  
  59  5:27  Drone x2  
  60  5:30  Glial Reconstitution, Zerg Ground Armor Level 1  
  60  5:31  Drone  
  60  5:32  Drone x2  
  60  5:34  Hatchery, Drone x6  
  68  5:38  Muscular Augments  
  68  5:42  Overseer  
  68  5:49  Spore Crawler  
  67  5:51  Spore Crawler  
  67  5:53  Spore Crawler  
  65  5:59  Extractor, Overlord  
  65  6:00  Overlord  
  65  6:01  Extractor  
  65  6:03  Extractor, Drone x2  
  65  6:04  Drone  
  65  6:05  Extractor, Drone x3  
  65  6:06  Drone x2  
  65  6:08  Overlord, Drone  
  65  6:10  Drone x3  
  65  6:22  Roach x5  
  72  6:35  Hydralisk x3  
  72  6:36  Hydralisk  
  64  6:50  Hydralisk x4  
  70  6:56  Queen  
  70  6:58  Zergling x2  
  67  7:10  Overseer  
  67  7:14  Hydralisk x3  
  71  7:30  Drone x4  
  71  7:35  Drone x2  
  77  7:37  Drone x2  
  77  7:39  Drone  
  77  7:40  Drone x2  
  82  7:48  Drone x4  
  83  8:02  Hatchery  
  82  8:10  Drone x2  
  82  8:11  Spine Crawler  
  83  8:14  Drone  
  83  8:15  Drone x2  
  83  8:17  Spore Crawler  
  83  8:19  Spine Crawler  
  84  8:30  Spine Crawler  
  61  8:47  Roach  
  83  8:48  Roach x10  
  83  8:49  Zergling x4  
  83  8:54  Drone  
  86  9:04  Drone  
  86  9:09  Zergling x2, Hydralisk Den  
  87  9:10  Zergling x14  
  94  9:29  Drone x2  
  94  9:30  Overlord x3  
  96  9:32  Zerg Ground Armor Level 2  
  97  9:45  Drone  
  97  9:48  Spore Crawler  
  97  9:51  Grooved Spines  
  97  9:52  Drone x2  
  98  9:53  Hydralisk x5, Drone  
  98  9:54  Hydralisk  
  111  10:06  Spire, Drone x3  
  113  10:08  Drone  
  113  10:09  Drone x2  
  113  10:12  Overlord  
  116  10:24  Drone x3  
  119  10:35  Hatchery  
  118  10:36  Drone  
  118  10:37  Drone x3  
  118  10:38  Overlord, Hydralisk  
  118  10:39  Hydralisk x2  
  118  10:42  Overlord x2  
  128  10:45  Evolution Chamber  
  127  10:51  Overlord  
  127  10:56  Queen  
  129  11:20  Mutalisk x2  
  129  11:21  Mutalisk x9  
  151  11:27  Mutalisk  
  151  11:30  Overlord x2  
  151  11:33  Zergling x18  
  160  11:43  Overlord x3  
  160  11:57  Drone  
  160  11:58  Drone  
  160  11:59  Queen  
  164  12:03  Mutalisk x4  
  164  12:05  Zergling x2  
  164  12:06  Zergling x20  
  159  12:27  Zergling x2  
  136  12:31  Zergling x2  
  136  12:34  Mutalisk x2  
  136  12:35  Mutalisk x3  
  132  12:38  Zergling x12  
  124  13:03  Zergling x4  
  124  13:04  Zergling x2  
  127  13:08  Hatchery  
  98  13:27  Mutalisk  
  98  13:28  Zergling x2  
  98  13:29  Zergling x34  
  113  13:45  Roach  
  113  13:46  Roach x5  
  123  13:50  Roach  
  125  14:12  Roach x11  
  125  14:13  Zerg Missile Weapons Level 1  
  134  14:27  Roach x4  
  134  14:28  Roach x4  
  146  14:34  Roach x5  
  152  14:56  Roach  
  152  14:57  Roach x7  
  152  14:59  Queen  
  166  15:02  Roach  
  166  15:04  Queen  
  166  15:05  Zergling x10  
  157  15:08  Queen  
  157  15:13  Roach  
  143  15:33  Hydralisk x10  
  153  15:41  Roach x4  
  153  15:42  Roach x2  
  130  15:50  Zergling x2  
  130  15:51  Zergling x4  
  109  15:57  Hatchery  
  109  16:03  Hydralisk x2  
  109  16:04  Roach x3  
  95  16:19  Drone x3  
  95  16:20  Drone  
  95  16:21  Queen  
  100  16:28  Lair  
  100  16:50  Spore Crawler  
  100  16:52  Roach  
  100  16:53  Roach x3  
  104  17:10  Drone x2  
  104  17:12  Spore Crawler  
  101  17:27  Drone x2  
  101  17:29  Overseer  
  103  17:33  Hydralisk Den, Drone  
  103  17:34  Drone  
  103  17:36  Drone  
  81  17:58  Drone x2  
  81  17:59  Drone x4  
  87  18:22  Hydralisk  
  87  18:23  Hydralisk, Roach x2  
  91  18:38  Overseer  
  91  18:40  Pneumatized Carapace  
  81  18:41  Hydralisk x2  
  81  18:42  Roach x2  
  87  18:50  Queen  
  87  18:51  Drone  
  87  18:52  Drone  
  91  19:05  Hydralisk  
  91  19:06  Hydralisk, Roach x2  
  99  19:11  Drone  
  99  19:12  Drone x2  
  100  19:35  Zerg Missile Weapons Level 2  
  100  19:38  Hatchery  
  89  19:53  Drone  
  89  19:54  Drone  
  91  20:01  Spine Crawler  
  86  20:09  Spine Crawler  
  86  20:11  Drone x3  
  86  20:26  Hydralisk  
  86  20:27  Roach x5  
  94  20:36  Hatchery, Hydralisk  
  94  20:37  Roach  
  85  20:47  Hydralisk  
  85  20:48  Roach x3  
  75  21:02  Hydralisk x2  
  75  21:03  Roach x3  
  85  21:17  Extractor  
  84  21:21  Extractor  
  84  21:22  Hydralisk x2, Roach x2  
  84  21:23  Roach x3  
  97  21:29  Drone x2  
  97  21:30  Extractor  
  98  21:36  Hydralisk  
  98  21:37  Roach x2  
  102  21:48  Hydralisk x2  
  102  21:49  Roach x3  
  112  21:56  Roach  
  112  21:57  Roach  
  116  22:02  Zergling x2  
  117  22:28  Drone x3  
  117  22:29  Extractor  
  119  22:31  Drone x2  
  119  22:32  Drone  
  119  22:34  Extractor  
  121  22:39  Drone x3  
  121  22:41  Drone x3  
Tags
 
Add a new tag
Caveats
  • Supply blocks, unpowered buildings, or Contaminate may cause inaccurate times.
  • Supply counts are checked every 10 seconds.